Map: Alcyone LE

Players

Savage - Winner!

  • Race: Zerg Zerg
  • League: Diamond
  • Spawn Location: 1:00

Kopybara

  • Race: Protoss Protoss
  • Spawn Location: 7:00

VOD

Have the link to the VOD?

Description

Time

  • Played on: Feb. 28, 2024, 7:57 p.m.
  • Length: 5:45
Show
View Real Time Build Order
Export as new Build Order

Savage Zerg - Winner!

Build Orders: Pool First 

Get SALT Encoding   

  12  0:18  Spawning Pool  
  11  0:22  Drone  
  12  0:34  Drone  
  13  0:36  Drone  
  13  0:42  Extractor, Drone  
  14  0:47  Overlord  
  15  1:06  Zergling x2  
  15  1:07  Zergling x2  
  17  1:18  Zergling x2  
  18  1:24  Hatchery  
  17  1:32  Drone  
  18  1:36  Queen  
  20  1:42  Overlord  
  20  1:52  Drone  
  21  2:01  Drone  
  22  2:24  Drone x2  
  24  2:33  Drone  
  25  2:42  Drone  
  25  2:52  Drone  
  25  2:53  Drone  
  25  2:56  Queen  
  29  3:02  Queen  
  29  3:05  Extractor  
  30  3:06  Extractor  
  30  3:08  Roach Warren  
  30  3:10  Drone x4  
  31  3:22  Overlord  
  31  3:23  Drone  
  32  3:36  Drone x2  
  34  3:48  Overlord x2  
  33  4:13  Roach x4  
  33  4:14  Roach x3  
  47  4:17  Roach x2  
  47  4:19  Roach  
  47  4:21  Overlord  
  53  4:29  Overlord  
  53  4:30  Drone, Hatchery  
  53  4:52  Drone x4  
  57  4:53  Drone x4  
  61  5:04  Overlord  
  61  5:06  Drone x3  
Show
View Real Time Build Order
Export as new Build Order

Kopybara Protoss 

Build Orders: Double Forge 

Get SALT Encoding   

  12  0:01  Probe (Chrono Boost)  
  13  0:11  Probe (Chrono Boost)  
  14  0:19  Pylon  
  14  0:23  Probe  
  15  0:40  Gateway  
  15  0:51  Assimilator  
  15  0:52  Probe  
  15  0:56  Assimilator  
  16  1:02  Pylon  
  16  1:04  Probe (Chrono Boost)  
  17  1:16  Probe (Chrono Boost)  
  18  1:21  Probe (Chrono Boost)  
  19  1:27  Cybernetics Core  
  19  1:31  Pylon  
  19  1:33  Probe  
  20  1:45  Probe  
  21  1:49  Forge  
  21  1:58  Probe  
  18  2:39  Zealot  
  18  2:41  Pylon  
  17  2:51  Warp Gate  
  17  3:15  Adept  
  19  3:20  Protoss Ground Weapons Level 1 (Chrono Boost)  
  19  3:54  Probe  
  20  4:06  Probe  
  21  4:12  Pylon  
  21  4:16  Robotics Facility  
  21  4:18  Probe (Chrono Boost)  
  21  4:22  Gateway  
  22  4:27  Gateway  
  22  4:28  Pylon  
  22  4:30  Probe (Chrono Boost)  
  24  4:39  Probe (Chrono Boost)  
  24  4:42  Forge  
  24  4:44  Probe  
  25  5:00  Adept  
  25  5:05  Probe  
  30  5:27  Stalker  
  26  5:28  Stalker  
  24  5:36  Stalker  
Tags
 
Add a new tag
Caveats
  • Supply blocks, unpowered buildings, or Contaminate may cause inaccurate times.
  • Supply counts are checked every 10 seconds.